MID
DELMARVA SHOREBIRDS @ GREENVILLE DRIVE
05/02/2048
 
TOP OF THE 1ST
Delmarva Shorebirds batting - Pitching for Greenville Drive : RHP Dan Jenkins
Pitching: RHP Dan Jenkins
Batting: RHB Mike Zepeda 0-0: Ball
1-0: Ball
2-0: Foul Ball, location: 2F
2-1: Ball
3-1: Foul Ball, location: 2F
3-2: Base on Balls
Batting: RHB Daniel Jackson 0-0: Ball
1-0: Ball
Mike Zepeda steals 2nd base (no throw)
2-0: Called Strike
2-1: Ground out 6-3 (Groundball, 56, EV 96.9 MPH)
Batting: RHB Ethan Finke 0-0: Called Strike
0-1: Foul Ball, location: 2F
0-2: SINGLE (Groundball, 4S, EV 66.2 MPH) (infield hit)
Mike Zepeda to third
Batting: RHB Ismael Macedo 0-0: 3-RUN HOME RUN (Flyball, 78XD, EV 100.0 MPH), Distance : 400 ft
Batting: RHB Luke Vaccarino 0-0: Ball
1-0: Ball
2-0: Foul Ball, location: 2F
2-1: Ball
3-1: Foul Ball, location: 2F
3-2: Ground out 6-3 (Groundball, 6, EV 105.6 MPH)
Batting: LHB Keith Long 0-0: Foul Ball, location: 2F
0-1: Foul Ball, location: 2F
0-2: Foul Ball, location: 2F
0-2: Strikes out swinging
Top of the 1st over - 3 runs, 2 hits, 0 errors, 0 left on base; Delmarva 3 - Greenville 0
BOTTOM OF THE 1ST
Greenville Drive batting - Pitching for Delmarva Shorebirds : RHP Wes Reynolds
Pitching: RHP Wes Reynolds
Batting: RHB Ted Emmerich 0-0: Ball
1-0: Foul Ball, location: 2F
1-1: Ball
2-1: Foul Ball, location: 2F
2-2: Foul Ball, location: 2F
2-2: Hit by Pitch
Batting: LHB Danny Montoya Pickoff Throw to First - Out! 1-3 CS
0-0: Fly out, F9 (Flyball, 9, EV 93.1 MPH)
Batting: RHB Jim Hubbard 0-0: Ball
1-0: Ball
2-0: Called Strike
2-1: Ball
3-1: Called Strike
3-2: Fly out, F9 (Flyball, 89S, EV 76.2 MPH)
Bottom of the 1st over - 0 runs, 0 hits, 0 errors, 0 left on base; Delmarva 3 - Greenville 0
TOP OF THE 2ND
Delmarva Shorebirds batting - Pitching for Greenville Drive : RHP Dan Jenkins
Batting: RHB Tony Godley 0-0: Ball
1-0: Foul Ball, location: 2F
1-1: Ball
2-1: Fly out, F8 (Flyball, 89M, EV 80.0 MPH)
Batting: RHB Matt O'Dea 0-0: Hit by Pitch
Batting: RHB Dave Perron 0-0: Ground out 6-3 (Groundball, 6MS, EV 90.0 MPH)
Matt O'Dea to second
Batting: RHB Mike Zepeda 0-0: Ball
1-0: SINGLE (Groundball, 34S, EV 71.9 MPH) (infield hit)
Matt O'Dea to third
Batting: RHB Daniel Jackson 0-0: Ball
1-0: Foul Ball, location: 2F
1-1: Ball
2-1: Fly out, F8 (Line Drive, 8LD, EV 101.2 MPH)
Top of the 2nd over - 0 runs, 1 hit, 0 errors, 2 left on base; Delmarva 3 - Greenville 0
BOTTOM OF THE 2ND
Greenville Drive batting - Pitching for Delmarva Shorebirds : RHP Wes Reynolds
Batting: LHB Eddie Contreras 0-0: SINGLE (Groundball, 34D, EV 102.5 MPH)
Batting: RHB Alex Cardenas 0-0: Ball
1-0: Swinging Strike
1-1: Ball
2-1: Ball
3-1: Fly out, F7 (Flyball, 8LM, EV 85.0 MPH)
Batting: RHB Bobby Schimke 0-0: Called Strike
0-1: Foul Ball, location: 2F
0-2: Foul Ball, location: 2F
0-2: Ball
1-2: Strikes out swinging
Batting: RHB Scott Hawkins 0-0: Called Strike
0-1: Ball
1-1: Ball
2-1: Swinging Strike
2-2: Ball
3-2: Ground out 4-3 (Groundball, 4, EV 81.2 MPH)
Bottom of the 2nd over - 0 runs, 1 hit, 0 errors, 1 left on base; Delmarva 3 - Greenville 0
TOP OF THE 3RD
Delmarva Shorebirds batting - Pitching for Greenville Drive : RHP Dan Jenkins
Batting: RHB Ethan Finke 0-0: Called Strike
0-1: Called Strike
0-2: Ball
1-2: Ball
2-2: Foul Ball, location: 2F
2-2: Foul Ball, location: 2F
2-2: Foul Ball, location: 2F
2-2: Foul Ball, location: 2F
2-2: Ball
3-2: Foul Ball, location: 2F
3-2: SINGLE (Groundball, 6D, EV 96.9 MPH)
Batting: RHB Ismael Macedo 0-0: Ball
1-0: Fielders Choice at 2nd, 4-6 (Groundball, 4, EV 92.5 MPH)
Batting: RHB Luke Vaccarino 0-0: Called Strike
0-1: Ball
Ismael Macedo steals 2nd base
1-1: Swinging Strike
1-2: Strikes out swinging
Batting: LHB Keith Long 0-0: Hit by Pitch
Pinch Runner at 1st HonĂ³rio Szenes:
Batting: RHB Tony Godley 0-0: Called Strike
0-1: Foul Ball, location: 2F
0-2: Strikes out swinging
Top of the 3rd over - 0 runs, 1 hit, 0 errors, 2 left on base; Delmarva 3 - Greenville 0
BOTTOM OF THE 3RD
Greenville Drive batting - Pitching for Delmarva Shorebirds : RHP Wes Reynolds
Now at 1B: Alex Valencia
Batting: RHB Paul Long 0-0: Ball
1-0: Ball
2-0: Swinging Strike
2-1: Called Strike
2-2: Strikes out swinging
Batting: RHB Roger Mitchell 0-0: Foul Ball, location: 2F
0-1: Foul Ball, location: 2F
0-2: Strikes out looking
Batting: RHB Ted Emmerich 0-0: Called Strike
0-1: Called Strike
0-2: Ball
1-2: Fly out, F8 (Flyball, 8LM, EV 94.4 MPH)
Bottom of the 3rd over - 0 runs, 0 hits, 0 errors, 0 left on base; Delmarva 3 - Greenville 0
TOP OF THE 4TH
Delmarva Shorebirds batting - Pitching for Greenville Drive : RHP Dan Jenkins
Batting: RHB Matt O'Dea 0-0: Ball
1-0: Ball
2-0: SOLO HOME RUN (Flyball, 7LD, EV 90.6 MPH), Distance : 352 ft
Batting: RHB Dave Perron 0-0: Ball
1-0: Fly out, F8 (Flyball, 8RD, EV 74.4 MPH)
Batting: RHB Mike Zepeda 0-0: Ball
1-0: Ball
2-0: Swinging Strike
2-1: Foul Ball, location: 2F
2-2: Foul Ball, location: 2F
2-2: Ball
3-2: Fly out, F8 (Flyball, 89D, EV 94.4 MPH)
Batting: RHB Daniel Jackson 0-0: Called Strike
0-1: Ball
1-1: SINGLE (Line Drive, 9LS, EV 111.9 MPH)
Batting: RHB Ethan Finke 0-0: Ball
1-0: Ball
2-0: Fielders Choice at 2nd, 6-4 (Groundball, 6, EV 107.5 MPH)
Top of the 4th over - 1 run, 2 hits, 0 errors, 1 left on base; Delmarva 4 - Greenville 0
BOTTOM OF THE 4TH
Greenville Drive batting - Pitching for Delmarva Shorebirds : RHP Wes Reynolds
Batting: LHB Danny Montoya 0-0: Ball
1-0: Ball
2-0: Called Strike
2-1: SINGLE (Groundball, 25, EV 65.0 MPH) (infield hit)
Batting: RHB Jim Hubbard 0-0: Called Strike
0-1: Grounds into double play, 4-6-3 (Groundball, 34, EV 108.1 MPH)
Batting: LHB Eddie Contreras 0-0: Foul Ball, location: 2F
0-1: Ball
1-1: Ball
2-1: Called Strike
2-2: Fly out, F8 (Flyball, 8LS, EV 76.9 MPH)
Bottom of the 4th over - 0 runs, 1 hit, 0 errors, 0 left on base; Delmarva 4 - Greenville 0
TOP OF THE 5TH
Delmarva Shorebirds batting - Pitching for Greenville Drive : RHP Dan Jenkins
Batting: RHB Ismael Macedo 0-0: Ball
1-0: Foul Ball, location: 2F
1-1: Ball
2-1: Called Strike
2-2: Foul Ball, location: 2F
2-2: Foul Ball, location: 2F
2-2: Foul Ball, location: 2F
2-2: SOLO HOME RUN (Flyball, 78XD, EV 100.0 MPH), Distance : 412 ft
Pitching: RHP Alan Phillips
Batting: RHB Luke Vaccarino 0-0: Ball
1-0: SINGLE (Groundball, 56S, EV 71.2 MPH) (infield hit)
Batting: RHB Alex Valencia 0-0: Ball
1-0: Fly out, F6 (Popup, 6MS, EV 63.1 MPH)
Batting: RHB Tony Godley 0-0: Ball
1-0: Called Strike
1-1: Called Strike
1-2: Strikes out looking
Batting: RHB Matt O'Dea 0-0: Swinging Strike
0-1: Called Strike
0-2: Ball
1-2: Strikes out swinging
Top of the 5th over - 1 run, 2 hits, 0 errors, 1 left on base; Delmarva 5 - Greenville 0
BOTTOM OF THE 5TH
Greenville Drive batting - Pitching for Delmarva Shorebirds : RHP Wes Reynolds
Batting: RHB Alex Cardenas 0-0: Ball
1-0: Foul Ball, location: 2F
1-1: Called Strike
1-2: Ball
2-2: Foul Ball, location: 2F
2-2: Ground out 6-3 (Groundball, 6, EV 91.2 MPH)
Batting: RHB Bobby Schimke 0-0: Ball
1-0: Called Strike
1-1: Hit by Pitch
Batting: RHB Scott Hawkins 0-0: SINGLE (Groundball, 4S, EV 60.6 MPH) (infield hit)
Bobby Schimke to second
Batting: RHB Paul Long 0-0: Called Strike
0-1: Swinging Strike
0-2: Grounds into double play, U6-3 (Groundball, 4M, EV 82.5 MPH)
Bottom of the 5th over - 0 runs, 1 hit, 0 errors, 1 left on base; Delmarva 5 - Greenville 0
TOP OF THE 6TH
Delmarva Shorebirds batting - Pitching for Greenville Drive : RHP Alan Phillips
Batting: RHB Dave Perron 0-0: Ball
1-0: Ball
2-0: Called Strike
2-1: Called Strike
2-2: Foul Ball, location: 2F
2-2: Ground out 4-3 (Groundball, 4S, EV 83.1 MPH)
Batting: RHB Mike Zepeda 0-0: Swinging Strike
0-1: Ball
1-1: Ball
2-1: Fly out, F8 (Flyball, 8LM, EV 85.0 MPH)
Batting: RHB Daniel Jackson 0-0: Foul Ball, location: 2F
0-1: Swinging Strike
0-2: Ball
1-2: Strikes out looking
Top of the 6th over - 0 runs, 0 hits, 0 errors, 0 left on base; Delmarva 5 - Greenville 0
BOTTOM OF THE 6TH
Greenville Drive batting - Pitching for Delmarva Shorebirds : RHP Wes Reynolds
Batting: RHB Roger Mitchell 0-0: Ground out 4-3 (Groundball, 4, EV 95.0 MPH)
Batting: RHB Ted Emmerich 0-0: Foul Ball, location: 2F
0-1: Ground out 4-3 (Groundball, 4, EV 86.9 MPH)
Batting: LHB Danny Montoya 0-0: Ball
1-0: Foul Ball, location: 2F
1-1: Ball
2-1: Foul Ball, location: 2F
2-2: Ball
3-2: Foul Ball, location: 2F
3-2: Base on Balls
Batting: RHB Jim Hubbard 0-0: Ball
1-0: Foul Ball, location: 2F
1-1: SINGLE (Line Drive, 8RS, EV 91.9 MPH)
Danny Montoya to second
Batting: LHB Eddie Contreras 0-0: Ball
1-0: Foul Ball, location: 2F
1-1: Ball
2-1: Ball
3-1: Foul Ball, location: 2F
3-2: Fly out, F8 (Flyball, 8LD, EV 91.9 MPH)
Bottom of the 6th over - 0 runs, 1 hit, 0 errors, 2 left on base; Delmarva 5 - Greenville 0
TOP OF THE 7TH
Delmarva Shorebirds batting - Pitching for Greenville Drive : RHP Alan Phillips
Batting: RHB Ethan Finke 0-0: Ball
1-0: Foul Ball, location: 2F
1-1: Called Strike
1-2: Ball
2-2: Foul Ball, location: 2F
2-2: Ball
3-2: Strikes out swinging
Batting: RHB Ismael Macedo 0-0: Called Strike
0-1: Ball
1-1: Called Strike
1-2: Ball
2-2: SINGLE (Line Drive, 7S, EV 106.2 MPH)
Pitching: LHP Rob Hymowitz
Batting: RHB Luke Vaccarino 0-0: Ball
1-0: Ball
2-0: Ball
3-0: Base on Balls
Ismael Macedo to second
Batting: RHB Alex Valencia 0-0: Called Strike
0-1: Ball
1-1: Ball
2-1: Fly out, F8 (Flyball, 8LXD, EV 100.6 MPH)
Runner from 2nd tags up, SAFE at 3rd, no throw by CF
Batting: RHB Tony Godley 0-0: Called Strike
0-1: Ball
1-1: Foul Ball, location: 2F
1-2: Ground out 4-3 (Groundball, 4, EV 86.9 MPH)
Top of the 7th over - 0 runs, 1 hit, 0 errors, 2 left on base; Delmarva 5 - Greenville 0
BOTTOM OF THE 7TH
Greenville Drive batting - Pitching for Delmarva Shorebirds : RHP Wes Reynolds
Pitching: LHP Justin Hinton
Batting: RHB Alex Cardenas 0-0: Ball
1-0: Ball
2-0: Ball
3-0: Called Strike
3-1: Called Strike
3-2: Base on Balls
Batting: RHB Bobby Schimke 0-0: Called Strike
0-1: Swinging Strike
0-2: Ball
1-2: Ball
2-2: Strikes out swinging
Batting: RHB Scott Hawkins 0-0: Swinging Strike
0-1: Swinging Strike
0-2: Grounds into double play, 5-4-3 (Groundball, 56, EV 100.6 MPH)
Bottom of the 7th over - 0 runs, 0 hits, 0 errors, 0 left on base; Delmarva 5 - Greenville 0
TOP OF THE 8TH
Delmarva Shorebirds batting - Pitching for Greenville Drive : LHP Rob Hymowitz
Batting: RHB Matt O'Dea 0-0: Foul Ball, location: 2F
0-1: Ball
1-1: Foul Ball, location: 2F
1-2: Foul Ball, location: 2F
1-2: Strikes out looking
Batting: RHB Dave Perron 0-0: Swinging Strike
0-1: Called Strike
0-2: Ball
1-2: Ball
2-2: Foul Ball, location: 2F
2-2: Foul Ball, location: 2F
2-2: Fly out, F8 (Flyball, 8RD, EV 90.6 MPH)
Batting: RHB Mike Zepeda 0-0: Ball
1-0: Swinging Strike
1-1: Swinging Strike
1-2: Strikes out swinging
Top of the 8th over - 0 runs, 0 hits, 0 errors, 0 left on base; Delmarva 5 - Greenville 0
BOTTOM OF THE 8TH
Greenville Drive batting - Pitching for Delmarva Shorebirds : LHP Justin Hinton
Batting: RHB Paul Long 0-0: Ball
1-0: Called Strike
1-1: Ball
2-1: Foul Ball, location: 2F
2-2: Strikes out looking
Batting: RHB Roger Mitchell 0-0: Foul Ball, location: 2F
0-1: Foul Ball, location: 2F
0-2: Ball
1-2: Ball
2-2: Ground out 6-3 (Groundball, 6, EV 82.5 MPH)
Batting: RHB Ted Emmerich 0-0: Ball
1-0: Called Strike
1-1: Swinging Strike
1-2: Ball
2-2: Strikes out swinging
Bottom of the 8th over - 0 runs, 0 hits, 0 errors, 0 left on base; Delmarva 5 - Greenville 0
TOP OF THE 9TH
Delmarva Shorebirds batting - Pitching for Greenville Drive : LHP Rob Hymowitz
Batting: RHB Daniel Jackson 0-0: Ball
1-0: Foul Ball, location: 2F
1-1: Ball
2-1: Swinging Strike
2-2: Foul Ball, location: 2F
2-2: Reached on error, E5 (Groundball, 56S, EV 83.1 MPH)
Batting: RHB Ethan Finke 0-0: Ball
1-0: Ball
2-0: Fly out, F3 (Popup, 23F, EV 81.2 MPH)
Batting: RHB Ismael Macedo 0-0: Ball
1-0: DOUBLE (Groundball, 5L, EV 107.5 MPH)
Daniel Jackson scores
Batting: RHB Luke Vaccarino 0-0: Ball
1-0: Ball
2-0: Called Strike
2-1: Swinging Strike
2-2: Strikes out swinging
Batting: RHB Alex Valencia 0-0: Called Strike
0-1: Ground out 4-3 (Groundball, 34D, EV 101.9 MPH)
Top of the 9th over - 1 run, 1 hit, 1 error, 1 left on base; Delmarva 6 - Greenville 0
BOTTOM OF THE 9TH
Greenville Drive batting - Pitching for Delmarva Shorebirds : LHP Justin Hinton
Batting: LHB Danny Montoya 0-0: Swinging Strike
0-1: Ball
1-1: Ground out 5-3 (Groundball, 5L, EV 85.0 MPH)
Batting: RHB Jim Hubbard 0-0: Called Strike
0-1: Foul Ball, location: 2F
0-2: Foul Ball, location: 2F
0-2: Ball
1-2: Ball
2-2: Strikes out swinging, 2-3 out at first.
Batting: LHB Eddie Contreras 0-0: Called Strike
0-1: Ball
1-1: Ground out 4-3 (Groundball, 4, EV 105.6 MPH)
Bottom of the 9th over - 0 runs, 0 hits, 0 errors, 0 left on base; Delmarva 6 - Greenville 0
Tuesday, March 28th , 2023 - OOTP Baseball 23.10 Build 110